 Dungeon Crawl Stone Soup version 0.30-a0-142-g7370640ec8 (webtiles) character file.

Game seed: 17322657587203668682

98 qw the Chopper (level 4, -4/28 HPs)
             Began as a Gargoyle Fighter on Sept 26, 2022.
             Slain by an ogre
             ... wielding a +0 giant spiked club
              (15 damage)
             ... on level 4 of the Dungeon.
             The game lasted 00:00:59 (2821 turns).

qw the Chopper (Gargoyle Fighter)                   Turns: 2821, Time: 00:00:59

Health: -4/28      AC: 13    Str: 22    XL:     4   Next: 71%
Magic:  4/4        EV:  9    Int:  8    God:
Gold:   140        SH:  4    Dex:  9    Spells: 3/3 levels left

rFire   . . .      SeeInvis .    Y - +0 war axe
rCold   . . .      Faith    .    c - +0 buckler
rNeg    + . .      Spirit   .    b - +0 scale mail
rPois   inf        Reflect  .    e - +0 helmet
rElec   +          Harm     .    (no cloak)
rCorr   .          Rampage  .    k - +0 pair of gloves
Will    .....                    f - +0 pair of boots
Stlth   ..........               (no amulet)
HPRegen 0.09/turn                (no ring)
MPRegen 0.09/turn                (no ring)

@: no status effects
A: sickness immunity, AC +3, negative energy resistance 1, electricity
resistance, torment resistance 1, petrification resistance
a: no special abilities


You were on level 4 of the Dungeon.
You visited 1 branch of the dungeon, and saw 4 of its levels.

You collected 140 gold pieces.


Innate Abilities, Weirdness & Mutations

You are immune to sickness and miasma.
Your stone body is resilient. (AC +3)
You are immune to poison.
You resist negative energy. (rN+)
You are resistant to electric shocks. (rElec)
You are resistant to unholy torment.
You are immune to petrification.


   Skills:
 - Level 3.2 Fighting
 + Level 4.3 Axes
 - Level 3.2 Armour
 - Level 3.2 Shields


You had 3 spell levels left.
You didn't know any spells.
Your spell library was empty.

Inventory:

Hand Weapons
 a - a +0 whip
 Y - a +0 war axe (weapon)
Armour
 b - a +0 scale mail (worn)
 c - a +0 buckler (worn)
 e - a +0 helmet (worn)
 f - a +0 pair of boots (worn)
 k - a +0 pair of gloves (worn)
Scrolls
 h - a scroll of teleportation
 i - a scroll of identify
Potions
 d - a potion of might
 g - a potion of heal wounds
 j - a potion of curing

Dungeon Overview and Level Annotations

Branches:
Dungeon (4/15)
 Temple: D:4-7

Altars:
Gozag


Message History

There is a stone staircase leading down here.
You climb downwards.
Found a whip.
There is a stone staircase leading up here.
Existing waypoints: (1) D:2 (2) D:3 Assign waypoint to what number? (0-9, D - delete waypoint) Waypoint 1 re-assigned from D:2 to D:4.
Enter note:
Found a stone staircase leading down.
Enter note: A worm comes into view.
There is a stone staircase leading down here.
You slash the worm!
The worm is severely wounded.
The worm bites you.
You slash the worm!
You kill the worm!
You start resting.
HP restored.
An ogre comes into view. It is wielding a +0 giant spiked club.
The ogre shouts!
You slash the ogre!
The ogre is heavily wounded.
The ogre barely misses you.
A dart slug comes into view.
You hit the ogre.
The ogre is severely wounded.
The ogre hits you with a +0 giant spiked club.
You hit the ogre but do no damage.
The ogre is severely wounded.
The ogre hits you with a +0 giant spiked club!
You barely miss the ogre.
The ogre is severely wounded.
The ogre barely misses you.
You hit the ogre.
The ogre is almost dead.
The ogre hits you with a +0 giant spiked club!
Ouch! That really hurt!
You die...

#... ....... .
#..###+##..... .
#..##.........
.####..##......... #
..##.. #......... #.
#.##.# #.........
#.##.##.##.###....#####
#.......%.........# #
##(O@.>.........#####
...w....................
....#.###.......########
...... #.......# .....
#.......# .....
#.......# .... #########
####


You could see an ogre and a dart slug.

Vanquished Creatures
  3 adders (D:3)
  4 worms
  A dart slug (D:2)
  3 orcs (D:3)
  8 ball pythons
  3 endoplasms
  5 giant cockroaches
  3 goblins
  5 hobgoblins
  2 jackals (D:2)
  4 quokkas
  3 bats
  2 frilled lizards (D:1)
  A kobold (D:3)
  5 rats
52 creatures vanquished.

Notes
Turn   | Place    | Note
-------+----------+-------------------------------------------
     0 | D:1      | qw the Gargoyle Fighter began the quest for the Orb.
     0 | D:1      | Reached XP level 1. HP: 14/14 MP: 1/1
     0 | D:1      | 0 ||| qw: Version: 0.2-a-10-g399e6c4
     0 | D:1      | 0 ||| qw: Game counter: 475
     0 | D:1      | 0 ||| qw: Always use a shield: true
     0 | D:1      | 0 ||| qw: God list: Okawaru
     0 | D:1      | 0 ||| qw: Allow faded altars: false
     0 | D:1      | 0 ||| qw: Do Orc after D:15 true
     0 | D:1      | 0 ||| qw: Do second Lair branch before Depths: true
     0 | D:1      | 0 ||| qw: Lair rune preference: random
     0 | D:1      | 0 ||| qw: Plans: Normal, Zot:1-4, God:TSO, Crypt, Tomb,
                  | Pan, Slime:5, Hells, Abyss, Orb
     0 | D:1      | 0 ||| PLANNING D:1-11
    89 | D:1      | Reached skill level 2 in Axes
   179 | D:1      | Reached XP level 2. HP: 18/19 MP: 2/2
   777 | D:1      | 777 ||| READING scroll labelled IRANOKH EGYEDUOTT.
   778 | D:1      | 778 ||| READING scroll labelled VYSHRIM MACUUS.
   804 | D:2      | 804 ||| DROPPING +0 club.
   855 | D:2      | HP: 2/19 [worm (8)]
   865 | D:2      | 865 ||| FLEEEEING.
   866 | D:2      | 866 ||| FLEEEEING.
   867 | D:2      | 867 ||| FLEEEEING.
   868 | D:2      | 868 ||| FLEEEEING.
  1227 | D:2      | Reached skill level 3 in Axes
  1284 | D:2      | Reached XP level 3. HP: 23/23 MP: 3/3
  1416 | D:2      | 1416 ||| Stepping ~*~*~tactically~*~*~ (hiding).
  1418 | D:2      | 1418 ||| Stepping ~*~*~tactically~*~*~ (hiding).
  1693 | D:2      | 1693 ||| UPGRADING to +0 helmet.
  1698 | D:2      | 1698 ||| UPGRADING to +0 pair of boots.
  1703 | D:2      | 1703 ||| READING scroll labelled DUHIBY VOCVE.
  1707 | D:2      | 1707 ||| READING scroll labelled POEMOO IKHLI.
  1708 | D:2      | 1708 ||| READING scroll labelled DEMAPS ZIJY.
  1709 | D:2      | 1709 ||| DRINKING 2 emerald potions.
  1710 | D:2      | 1710 ||| DROPPING potion of magic.
  1756 | D:3      | 1756 ||| Stepping ~*~*~tactically~*~*~ (stealth).
  1845 | D:3      | 1845 ||| Stepping ~*~*~tactically~*~*~ (stealth).
  1885 | D:3      | 1885 ||| Stepping ~*~*~tactically~*~*~ (stealth).
  1906 | D:3      | Reached XP level 4. HP: 24/28 MP: 4/4
  1981 | D:3      | Found an opulent altar of Gozag.
  2155 | D:3      | 2155 ||| Stepping ~*~*~tactically~*~*~ (stealth).
  2168 | D:3      | Reached skill level 4 in Axes
  2425 | D:3      | Found a faded altar of an unknown god.
  2713 | D:3      | 2713 ||| UPGRADING to +0 pair of gloves.
  2718 | D:3      | 2718 ||| READING 4 scrolls labelled SUMELE OSCHOD.
  2719 | D:3      | 2719 ||| READING scroll labelled OKHLEJ ZIVUEL.
  2720 | D:3      | 2720 ||| READING 3 scrolls of identify.
  2720 | D:3      | 2720 ||| IDENTIFYING pink potion
  2721 | D:3      | 2721 ||| READING 2 scrolls of identify.
  2721 | D:3      | 2721 ||| IDENTIFYING lumpy yellow potion
  2811 | D:4      | Noticed an ogre
  2821 | D:4      | Slain by an ogre

Levels and vault maps discovered:
D:1:      minmay_arrival_stone_box, layout_basic
D:2:      layout_loops_ring
D:3:      layout_loops_cross, mainiacjoe_overflow_six_doors_small,
          nicolae_ecumenical_snake_handling
D:4:      layout_basic, st_stairs_13

Skill      XL: |  1  2  3  4 |
---------------+-------------+-----
Axes           | 2 3 4 |  4.3
Fighting       | |  3.2
Armour         | |  3.2
Shields        | |  3.2

Action                   |  1- 3 |  4- 6 || total
-------------------------+-------+-------++-------
Melee: War axe           |   111 |    56 ||   167
Throw: Boomerang         |       |     3 ||     3
  Use: Scroll            |     5 |     4 ||     9
       Potion            |     1 |       ||     1
Armor: Scale mail        |    49 |    27 ||    76
Dodge: Dodged            |    44 |    20 ||    64
Block: Buckler           |    20 |     7 ||    27

Table legend:
 A = Non-vault XP
 B = Vault XP
 C = Vault XP percentage of total XP
 D = Non-vault monster count
 E = Vault monster count
 F = Vault count percentage of total count
                 A         B        C        D         E       F
            +---------+---------+-------+---------+---------+-------
      Total |     134 |       7 |   5.0 |      48 |       4 |   7.7
            +---------+---------+-------+---------+---------+-------
        D:1 |      18 |       0 |   0.0 |      12 |       0 |   0.0
        D:2 |      32 |       0 |   0.0 |      14 |       0 |   0.0
        D:3 |      79 |       7 |   8.1 |      21 |       4 |  16.0
        D:4 |       5 |       0 |   0.0 |       1 |       0 |   0.0
            +---------+---------+-------+---------+---------+-------
